 Dungeon Crawl Stone Soup version 0.28.0-43-g3370ac3207 (webtiles) character file.

Game seed: 8456593666623288646

2615 nickcage the Transmogrifier (level 9, -3/53 HPs)
             Began as an Octopode Transmuter on Mar 10, 2022.
             Was a Believer of Vehumet.
             Slain by a yak (8 damage)
             ... on level 7 of the Dungeon.
             The game lasted 00:35:08 (8739 turns).

nickcage the Transmogrifier (Octopode Transmuter)   Turns: 8739, Time: 00:35:09

Health: -3/53      AC:  2    Str: 27    XL:     9   Next: 60%
Magic:  16/16      EV: 23    Int: 25    God:    Vehumet [**....]
Gold:   280        SH:  0    Dex: 18    Spells: 2/17 levels left

rFire   x . .      SeeInvis .     - Unarmed
rCold   + . .      Faith    .   (shield currently unavailable)
rNeg    . . .      Spirit   .   (helmet currently unavailable)
rPois   x          Reflect  .   (no amulet)
rElec   .          Harm     .   g - +6 ring of strength
rCorr   .          Rampage  .   a - +6 ring of intelligence
Will    .....                   h - ring of ice
Stlth   ++........              b - +4 ring of evasion
HPRegen 0.17/turn               l - +6 ring of strength
MPRegen 0.15/turn               n - +6 ring of strength
                                (no ring)
                                (no ring)

@: spider-form (expiring)
A: venomous fangs, almost no armour, (amphibious), 8 rings, tiny, (camouflage
1), (gelatinous body 1), (nimble swimmer 1), (tentacles)
a: End Transformation, Renounce Religion


You were on level 7 of the Dungeon.
You worshipped Vehumet.
Vehumet was pleased with you.
You were a venomous arachnid creature.
You visited 2 branches of the dungeon, and saw 8 of its levels.

You collected 280 gold pieces.

Inventory:

Hand Weapons
 d - a +4 dire flail
 q - a +3 trident of protection (melded)
Missiles
 f - 17 poisoned darts (quivered)
Jewellery
 a - a +6 ring of intelligence (right front leg)
 b - a +4 ring of evasion (on tentacle)
 g - a +6 ring of strength (left front leg)
 h - a ring of ice (on tentacle)
 l - a +6 ring of strength (on tentacle)
 n - a +6 ring of strength (on tentacle)
Wands
 m - a wand of digging (5)
Scrolls
 j - a scroll of vulnerability {unknown}
 o - a scroll of teleportation
 p - a scroll of identify
 r - a scroll of blinking {unknown}
 s - 2 scrolls of enchant armour {unknown}
Potions
 c - 2 potions of curing
 e - a potion of haste {unknown}
 i - 2 potions of heal wounds
 k - a potion of mutation


   Skills:
 - Level 1.0 Fighting
 - Level 0.8 Polearms
 - Level 0.4 Throwing
 - Level 2.0 Dodging
 - Level 3.0 Unarmed Combat
 + Level 4.9 Spellcasting
 * Level 1.4 Conjurations
 + Level 9.6 Transmutations
 - Level 4.0 Ice Magic
 - Level 6.0 Poison Magic


You had 2 spell levels left.
You knew the following spells:

 Your Spells              Type           Power      Damage    Failure   Level
a - Beastly Appendage     Tmut           100%       N/A       1%          1
b - Spider Form           Tmut/Pois      45%        N/A       5%          3
c - Ice Form              Ice/Tmut       57%        N/A       14%         4
d - Static Discharge      Conj/Air       9%         N/A       24%         2
e - Fireball              Conj/Fire      4%         3d4       95%         5

Your spell library contained the following spells:

 Spells                   Type           Power      Damage    Failure   Level
 Wereblood                Tmut           53%        N/A       2%          2
 Call Canine Familiar     Summ           6%         N/A       47%         3
 Portal Projectile        Hex/Tloc       12%        N/A       47%         3
 Leda's Liquefaction      Hex/Erth       3%         N/A       82%         4
 Iskenderun's Battlesphe  Conj           13%        2d7       90%         5
 Conjure Ball Lightning   Conj/Air       4%         3x3d6     100%        6
 Orb of Destruction       Conj           6%         9d6       100%        7


Dungeon Overview and Level Annotations

Branches:
Dungeon (7/15)             Temple (1/1) D:5

Altars:
Elyvilon
Gozag
Hepliaklqana
Kikubaaqudgha
Makhleb
Okawaru
Qazlal
Sif Muna
Trog
Uskayaw
Vehumet

Annotations:
D:5 Grinder


Innate Abilities, Weirdness & Mutations

You are a venomous arachnid creature.
You have poisonous fangs.
You are tiny and dextrous.
Your spellcasting is less reliable in this form.
Your armour is entirely melded.
You are incapable of wielding weapons or throwing items.
You cannot wear most types of armour.
((You are amphibious.))
You can wear up to eight rings at the same time.
((Your skin changes colour to match your surroundings (Stealth+).))
((Your rubbery body absorbs attacks. (AC +1, EV +1)))
((You are camouflaged when in or above water. (Stealth+)))
((You have tentacles for arms and can constrict up to eight enemies at once.))


Message History

You see here 24 sling bullets.
You hit the yak.
The yak is almost dead.
You kill the yak!
Vehumet accepts your kill.
You feel your power returning.
Your Conjurations skill increases to level 1!
Your Ice Magic skill increases to level 4!
You hit the yak but do no damage. You barely miss the yak.
The yak completely misses you. The yak gores you!
You hit the yak.
The yak is lightly wounded.
The yak gores you. The yak completely misses you.
You hit the yak.
The yak is poisoned.
The yak is moderately wounded.
The yak misses you. The yak barely misses you.
There is an open door here.
You hit the yak but do no damage.
The yak is poisoned.
The yak gores you.
You open the door. The yak completely misses you.
The yak gores you but does no damage.
There is an open door here.
You barely miss the yak.
The yak is lightly wounded.
You kill the yak!
Vehumet accepts your kill. The yak barely misses you.
You bite the yak!
The yak looks even sicker.
The yak is moderately wounded.
The yak gores you.
You hit the yak but do no damage.
The yak looks as sick as possible!
The yak is moderately wounded.
The yak gores you! The yak gores you!
* * * LOW HITPOINT WARNING * * *
You hit the yak but do no damage.
The yak is severely wounded.
The yak misses you.
Your transformation is almost over.
The yak gores you!
You die...

.....#########...#
##)####.....##...#
#..).##......#...#
#....#.......#...#
'....'.......#...#
#....#.......#...#
#....######'######
#....###....##...#
...............Ys#
.................#
.................#
####'###....##...#
......##....##'###
......##....##...#
......##....##...#
.....†'......#...#
......##...[##...#


You could see a yak (very poisoned).

Vanquished Creatures
  2 yaks (D:7)
  Menkaure (D:7)
  2 water moccasins
  A black bear (D:6)
  2 sky beasts (D:6)
  3 ogres
  A bullfrog (D:7)
  2 kobold brigands
  A gnoll sergeant (D:6)
  8 wights
  2 jellies
  A centaur zombie (D:4)
  3 bullfrog skeletons
  A hound (D:6)
  3 orc priests
  A centaur skeleton (D:6)
  An iguana (D:7)
  7 orc wizards
  A howler monkey zombie (D:6)
  Robin (D:2)
  9 adders
  6 gnolls (D:6)
  2 howler monkey skeletons (D:6)
  A shadow imp (D:6)
  A white imp (D:6)
  A worm (D:3)
  4 dart slugs
  33 orcs
  4 bats
  9 endoplasms
  A giant cockroach (D:4)
  11 goblins
  5 hobgoblins
  5 jackals
  3 quokkas
  6 ball pythons
  2 frilled lizards
  20 kobolds
  A rat (D:3)
  A spectral goblin (D:3)
169 creatures vanquished.

Vanquished Creatures (others)
  13 plants (D:4)
13 creatures vanquished.

Grand Total: 182 creatures vanquished

Notes
Turn   | Place    | Note
-------+----------+-------------------------------------------
     0 | D:1      | nickcage the Octopode Transmuter began the quest for the
                  | Orb.
     0 | D:1      | Reached XP level 1. HP: 13/13 MP: 3/3
   129 | D:1      | Reached XP level 2. HP: 18/18 MP: 3/5
   465 | D:1      | Reached skill level 3 in Transmutations
   693 | D:1      | Reached XP level 3. HP: 16/23 MP: 6/6
   697 | D:1      | Learned a level 3 spell: Spider Form
  1339 | D:2      | Reached skill level 1 in Poison Magic
  1620 | D:2      | Reached XP level 4. HP: 23/28 MP: 5/7
  1745 | D:2      | Noticed Robin
  1763 | D:2      | Killed Robin
  2325 | D:3      | Reached skill level 4 in Transmutations
  2325 | D:3      | Reached XP level 5. HP: 30/33 MP: 8/8
  2540 | D:3      | Found a faded altar of an unknown god.
  2800 | D:3      | Found an opulent altar of Gozag.
  3151 | D:4      | Found a white marble altar of Elyvilon.
  3167 | D:4      | Reached XP level 6. HP: 38/38 MP: 9/9
  3654 | D:4      | Reached skill level 5 in Transmutations
  4370 | D:5      | Entered Level 5 of the Dungeon
  4378 | D:5      | Reached skill level 5 in Poison Magic
  4382 | D:5      | Reached XP level 7. HP: 29/43 MP: 7/10
  4622 | D:5      | Found a staircase to the Ecumenical Temple.
  4627 | Temple   | Entered the Ecumenical Temple
  4649 | Temple   | Became a worshipper of Vehumet
  4731 | D:5      | Reached skill level 6 in Transmutations
  5564 | D:5      | Reached skill level 7 in Transmutations
  5564 | D:5      | Reached XP level 8. HP: 37/48 MP: 9/11
  5653 | D:5      | Noticed Grinder
  6283 | D:6      | Reached skill level 8 in Transmutations
  6451 | D:6      | Learned a level 4 spell: Ice Form
  6503 | D:6      | Reached skill level 1 in Ice Magic
  6953 | D:6      | Reached * piety under Vehumet
  6953 | D:6      | Offered knowledge of Freeze by Vehumet.
  7338 | D:6      | Reached XP level 9. HP: 29/53 MP: 11/14
  7373 | D:6      | Reached skill level 9 in Transmutations
  7953 | D:7      | Found a burning altar of Makhleb.
  7960 | D:7      | Noticed Menkaure
  7970 | D:7      | Killed Menkaure
  8233 | D:7      | Offered knowledge of Static Discharge by Vehumet.
  8239 | D:7      | Learned a level 2 spell: Static Discharge
  8417 | D:7      | Learned a level 5 spell: Fireball
  8451 | D:7      | Reached ** piety under Vehumet
  8703 | D:7      | Reached skill level 1 in Conjurations
  8739 | D:7      | Slain by a yak

Illustrated notes

Levels and vault maps discovered:
D:1:      scummos_arrival_gate, layout_basic
D:2:      layout_basic, patterned_corridor, uniq_robin
D:3:      layout_rooms, grunt_gozag_statues,
          dreamdust_ecumenical_altar_drowned_temple
D:4:      layout_basic, nicolae_elyvilon_temple_path
D:5:      layout_gridville, minmay_temple_entry_wispy, uniq_grinder
D:6:      layout_basic, lemuel_flame_loot_1
D:7:      layout_gridville, general_overflow_altar, tgw_xom, uniq_menkaure
Temple:   regret_index_temple_mists

Skill      XL: |  1  2  3  4  5  6  7  8  9 |
---------------+----------------------------+-----
Transmutations | 3 4 5 7 8 9 |  9.6
Poison Magic   | 1 2 3 5 6 |  6.0
Spellcasting   | 3 4 |  4.9
Ice Magic      | 2 4 |  4.0
Conjurations   | 1 |  1.4
Fighting       | |  1.0
Polearms       | |  0.8
Throwing       | |  0.4
Dodging        | |  2.0
Unarmed Combat | |  3.0

Action                   |  1- 3 |  4- 6 |  7- 9 || total
-------------------------+-------+-------+-------++-------
Melee: Club              |    12 |       |       ||    12
       Constrict         |    19 |    24 |    10 ||    53
       Kick              |     7 |    10 |     8 ||    25
       Tentacles         |     9 |    19 |     7 ||    35
       Short sword       |    27 |       |       ||    27
       Trident           |    13 |   112 |    32 ||   157
       Punch             |       |     1 |     4 ||     5
       Unarmed           |       |    43 |   274 ||   317
       Dire flail        |       |       |    10 ||    10
Throw: Dart              |    11 |     4 |     3 ||    18
 Cast: Beastly Appendage |    11 |     4 |     3 ||    18
       Spider Form       |       |     5 |    20 ||    25
       Ice Form          |       |       |     2 ||     2
  Use: Scroll            |     1 |     5 |     3 ||     9
       Potion            |       |       |     1 ||     1
 Stab: Sleeping          |    11 |     4 |     2 ||    17
Armor: Skin              |    11 |    20 |    22 ||    53
Dodge: Dodged            |    31 |   114 |   252 ||   397
